 Dungeon Crawl Stone Soup version 0.31-a0-803-g95b03c3367 (webtiles) character file.

Game seed: 3199222944781144111

232 javelincjr the Ruffian (level 5, -7/42 HPs)
             Began as a Demigod Shapeshifter on Sept 20, 2023.
             Killed from afar by Dowan (13 damage)
             ... with a puff of frost
             ... on level 4 of the Dungeon.
             The game lasted 00:13:08 (3525 turns).

javelincjr the Ruffian (Demigod Shapeshifter)       Turns: 3525, Time: 00:13:09

Health: -7/42      AC:  5    Str: 19    XL:     5   Next: 45%
Magic:  7/7        EV: 11    Int: 12    God:
Gold:   254        SH:  0    Dex: 13    Spells: 4/4 levels left

rFire   . . .        h - +0 spear
rCold   . . .        (no shield)
rNeg    . . .        w - +0 ring mail
rPois   .            (helmet currently unavailable)
rElec   .            (cloak currently unavailable)
rCorr   .            (gloves currently unavailable)
SInv    .            (boots currently unavailable)
Will    .....        (no amulet)
Stlth   +            l - ring of flight
HPRegen 0.27/turn    (no ring)
MPRegen 0.10/turn

%: no passive effects
@: lit by a corona, beast-form, flying, glowing
A: beast (slay +2), high MP 1, forlorn, divine attributes
a: Begin Untransformation


You were on level 4 of the Dungeon.
You were a hulking beast.
You visited 1 branch of the dungeon, and saw 4 of its levels.

You collected 254 gold pieces.

Inventory:

Hand Weapons
 h - a +0 spear (weapon)
Missiles
 n - 26 stones (quivered)
Armour
 a - a +0 animal skin
 g - a +0 pair of gloves
 o - a +0 helmet
 v - a +0 chain mail
 w - a +0 ring mail (worn)
 z - a +0 scale mail
Magical Staves
 s - a staff of earth
Jewellery
 l - a ring of flight (left hand)
 y - a ring of protection from fire
Talismans
 c - a beast talisman (active)
 d - a flux talisman
Scrolls
 i - a scroll of identify {unknown}
 j - a scroll of noise {unknown}
 k - 2 scrolls of fog {unknown}
 m - 3 scrolls of enchant weapon {unknown}
 p - 2 scrolls of teleportation {unknown}
 t - a scroll of poison {unknown}
 u - a scroll of butterflies {unknown}
Potions
 b - a potion of lignification
 e - 2 potions of curing
 f - a potion of magic {unknown}
 q - a potion of might {unknown}
 r - a potion of mutation {unknown}
 x - a potion of enlightenment {unknown}


   Skills:
 + Level 2.5 Fighting
 + Level 3.2 Dodging
 + Level 3.7 Unarmed Combat
 + Level 3.6 Shapeshifting


You had 4 spell levels left.
You didn't know any spells.
Your spell library contained the following spells:

 Spells                   Type           Power      Damage    Failure   Level
 Blink                    Tloc           0%         N/A       65%         2
 Cigotuvi's Dreadful Rot  Necr/Pois/Air  0%         N/A       65%         2
 Lesser Beckoning         Tloc           0%         N/A       65%         2
 Momentum Strike          Conj/Tloc      0%         3d8       65%         2
 Ignite Poison            Fire/Tmut/Pois 0%         N/A       86%         3
 Freezing Cloud           Conj/Ice/Air   0%         6-21      100%        5


Dungeon Overview and Level Annotations

Branches:
Dungeon (4/15)
 Temple: D:4-7

Annotations:
D:4 Dowan, Duvessa


Innate Abilities, Weirdness & Mutations

You are a hulking beast.
Your limbs bulge with bestial killing power. (Slay +2)
You have an increased reservoir of magic. (+10% MP)
You shall have no god before yourself.
Your divine heritage dramatically boosts your attributes as you level up.


Message History

Dowan casts a spell at you. The puff of flame hits you.
You closely miss Dowan.
Dowan is heavily wounded.
Dowan hits you with a +3 dagger of protection.
You hit Dowan.
Dowan is heavily wounded.
Dowan hits you with a +3 dagger of protection.
You closely miss Dowan.
Dowan is heavily wounded.
Dowan hits you with a +3 dagger of protection.
You are too injured to fight recklessly!
You are too injured to fight recklessly!
You are too injured to fight recklessly!
You are too injured to fight recklessly!
You are too injured to fight recklessly!
You are too injured to fight recklessly!
You barely miss Dowan.
Dowan is heavily wounded.
Dowan closely misses you.
You barely miss Dowan.
Dowan is heavily wounded.
Dowan points at you and mumbles some strange words.
The puff of flame hits you!
* * * LOW HITPOINT WARNING * * *
You hit Dowan.
Dowan is heavily wounded.
Dowan closely misses you.
You closely miss Dowan.
Dowan is heavily wounded.
You hear a distant slurping noise.
Dowan hits you with a +3 dagger of protection.
* * * LOW HITPOINT WARNING * * *
Dowan hits you with a +3 dagger of protection.
* * * LOW HITPOINT WARNING * * *
You closely miss Dowan.
Dowan is heavily wounded.
Dowan points at you and mumbles some strange words.
The puff of frost hits you!
You die...

#)####.#
....[.##......
...).#.#########
#.#..#.......
..##...........####
#...........#
..####.#####......#
#...#..##.#
#<####.# #.#.##.#
#.#...>..##.#
#......# #...##.#
#............
######## #.####.#
###.?.#####..
##.####.# #... ###
#....eh.# #e..
#.....#### #...
#.... .... ....
..... #... #..
...... #... #. ...#
. ##


You could see Dowan.

Vanquished Creatures
  An iguana (D:4)
  2 orc wizards (D:4)
  7 adders
  4 worms
  5 dart slugs
  5 orcs
  6 ball pythons
  9 bats
  4 endoplasms
  4 giant cockroaches
  7 goblins
  5 hobgoblins
  4 quokkas
  4 frilled lizards
  2 kobolds
  4 rats
73 creatures vanquished.

Notes
Turn   | Place    | Note
-------+----------+-------------------------------------------
     0 | D:1      | javelincjr the Demigod Shapeshifter began the quest for the
                  | Orb.
     0 | D:1      | Reached XP level 1. HP: 15/15 MP: 3/3
     6 | D:1      | Noticed a wolf
     6 | D:1      | Noticed a komodo dragon
     6 | D:1      | Noticed a swamp worm
     6 | D:1      | Noticed a water moccasin
     6 | D:1      | Noticed a scorpion
    27 | D:1      | Reached skill level 1 in Fighting
   152 | D:1      | Reached XP level 2. HP: 11/23 MP: 4/4
  1243 | D:2      | Reached XP level 3. HP: 28/28 MP: 5/5
  2005 | D:2      | Reached XP level 4. HP: 30/36 MP: 6/6
  3290 | D:4      | Reached XP level 5. HP: 38/42 MP: 7/7
  3339 | D:4      | Noticed Duvessa
  3504 | D:4      | Noticed Dowan
  3525 | D:4      | Killed from afar by Dowan

Illustrated notes

Levels and vault maps discovered:
D:1:      onia_arrival_zoo_common, layout_basic, minmay_pentomino_z4
D:2:      layout_basic, nicolae_wormholes
D:3:      layout_loops_ring, serial_park_tiny_2, minmay_misc_feat_chi,
          glass_columns_a, grunt_ministairs_3, feat_on_display
D:4:      layout_loops_cross, minmay_temple_entry_large_hall, serial_shops,
          nicolae_shop_crystal, kennysheep_another_room, uniq_robin,
          uniq_natasha, uniq_duvessa

Skill      XL: |  1  2  3  4 |
---------------+-------------+-----
Fighting       | 1 2 |  2.5
Dodging        | 2 3 |  3.2
Unarmed Combat | 3 |  3.7
Shapeshifting  | 3 |  3.6

Action                     |  1- 3 |  4- 6 || total
---------------------------+-------+-------++-------
  Melee: Unarmed           |    24 |       ||    24
         Spear             |    90 |   158 ||   248
         Punch             |     5 |     3 ||     8
  Throw: Stone             |    11 |     1 ||    12
    Use: Potion            |       |     1 ||     1
   Stab: Sleeping          |       |     1 ||     1
 Armour: Animal skin       |    39 |    35 ||    74
         Ring mail         |       |    37 ||    37
  Dodge: Dodged            |    53 |    67 ||   120

Table legend: (Time is in decaauts)
 A = Elapsed time spent in this place.
 B = Non-inter-level travel time spent in this place.
 C = Inter-level travel time spent in this place.
 D = Time resting spent in this place.
 E = Time spent auto-exploring this place.
 F = Levels seen in this place.
 G = Mean time per level.
                   A        B        C        D        E       F      G
               +--------+--------+--------+--------+--------+-----+--------+
         Total |   3548 |   3375 |    173 |     97 |   2553 |   4 |  887.0 |
       Dungeon |   3548 |   3375 |    173 |     97 |   2553 |   4 |  887.0 |
               +--------+--------+--------+--------+--------+-----+--------+

Top non-repeatable levels by time:
     D:2: 1370 daAuts
     D:1: 1127 daAuts
     D:3: 819 daAuts
     D:4: 229 daAuts
